%YAML 1.1
%TAG !u! tag:unity3d.com,2011:
--- !u!1 &8165540863777912797
GameObject:
  m_ObjectHideFlags: 0
  m_CorrespondingSourceObject: {fileID: 0}
  m_PrefabInstance: {fileID: 0}
  m_PrefabAsset: {fileID: 0}
  serializedVersion: 6
  m_Component:
  - component: {fileID: 8165540863777912792}
  - component: {fileID: 8165540863777912795}
  - component: {fileID: 8165540863777912794}
  - component: {fileID: 8165540863777912793}
  m_Layer: 8
  m_Name: Character
  m_TagString: Player
  m_Icon: {fileID: 0}
  m_NavMeshLayer: 0
  m_StaticEditorFlags: 0
  m_IsActive: 0
--- !u!4 &8165540863777912792
Transform:
  m_ObjectHideFlags: 0
  m_CorrespondingSourceObject: {fileID: 0}
  m_PrefabInstance: {fileID: 0}
  m_PrefabAsset: {fileID: 0}
  m_GameObject: {fileID: 8165540863777912797}
  m_LocalRotation: {x: -0, y: -0, z: -0, w: 1}
  m_LocalPosition: {x: 0.08, y: 1.414, z: 9.59}
  m_LocalScale: {x: 1, y: 1, z: 1}
  m_Children:
  - {fileID: 8564559350235344271}
  - {fileID: 8564559351146463172}
  m_Father: {fileID: 0}
  m_RootOrder: 0
  m_LocalEulerAnglesHint: {x: 0, y: 0, z: 0}
--- !u!54 &8165540863777912795
Rigidbody:
  m_ObjectHideFlags: 0
  m_CorrespondingSourceObject: {fileID: 0}
  m_PrefabInstance: {fileID: 0}
  m_PrefabAsset: {fileID: 0}
  m_GameObject: {fileID: 8165540863777912797}
  serializedVersion: 2
  m_Mass: 1
  m_Drag: 0
  m_AngularDrag: 0.05
  m_UseGravity: 1
  m_IsKinematic: 0
  m_Interpolate: 0
  m_Constraints: 112
  m_CollisionDetection: 0
--- !u!136 &8165540863777912794
CapsuleCollider:
  m_ObjectHideFlags: 0
  m_CorrespondingSourceObject: {fileID: 0}
  m_PrefabInstance: {fileID: 0}
  m_PrefabAsset: {fileID: 0}
  m_GameObject: {fileID: 8165540863777912797}
  m_Material: {fileID: 13400000, guid: 4f8eaa95dcd789348b7324e7fb6062f0, type: 2}
  m_IsTrigger: 0
  m_Enabled: 1
  m_Radius: 0.26602268
  m_Height: 1.8200197
  m_Direction: 1
  m_Center: {x: 0, y: -0.5094118, z: 0.011522293}
--- !u!114 &8165540863777912793
MonoBehaviour:
  m_ObjectHideFlags: 0
  m_CorrespondingSourceObject: {fileID: 0}
  m_PrefabInstance: {fileID: 0}
  m_PrefabAsset: {fileID: 0}
  m_GameObject: {fileID: 8165540863777912797}
  m_Enabled: 1
  m_EditorHideFlags: 0
  m_Script: {fileID: 11500000, guid: 5d302cfae66753c448ad0b1e578e08e0, type: 3}
  m_Name: 
  m_EditorClassIdentifier: 
  pivotCam: {fileID: 0}
  velocity: 2.5
--- !u!1001 &8165540864046192687
PrefabInstance:
  m_ObjectHideFlags: 0
  serializedVersion: 2
  m_Modification:
    m_TransformParent: {fileID: 8165540863777912792}
    m_Modifications:
    - target: {fileID: -9070493210130169274, guid: d97e823ad9a78ef4e9c89804691966d8,
        type: 3}
      propertyPath: m_Layer
      value: 8
      objectReference: {fileID: 0}
    - target: {fileID: -8679921383154817045, guid: d97e823ad9a78ef4e9c89804691966d8,
        type: 3}
      propertyPath: m_LocalPosition.x
      value: 0
      objectReference: {fileID: 0}
    - target: {fileID: -8679921383154817045, guid: d97e823ad9a78ef4e9c89804691966d8,
        type: 3}
      propertyPath: m_LocalPosition.y
      value: -1.442
      objectReference: {fileID: 0}
    - target: {fileID: -8679921383154817045, guid: d97e823ad9a78ef4e9c89804691966d8,
        type: 3}
      propertyPath: m_LocalPosition.z
      value: 0
      objectReference: {fileID: 0}
    - target: {fileID: -8679921383154817045, guid: d97e823ad9a78ef4e9c89804691966d8,
        type: 3}
      propertyPath: m_LocalRotation.x
      value: 0
      objectReference: {fileID: 0}
    - target: {fileID: -8679921383154817045, guid: d97e823ad9a78ef4e9c89804691966d8,
        type: 3}
      propertyPath: m_LocalRotation.y
      value: 0
      objectReference: {fileID: 0}
    - target: {fileID: -8679921383154817045, guid: d97e823ad9a78ef4e9c89804691966d8,
        type: 3}
      propertyPath: m_LocalRotation.z
      value: 0
      objectReference: {fileID: 0}
    - target: {fileID: -8679921383154817045, guid: d97e823ad9a78ef4e9c89804691966d8,
        type: 3}
      propertyPath: m_LocalRotation.w
      value: 1
      objectReference: {fileID: 0}
    - target: {fileID: -8679921383154817045, guid: d97e823ad9a78ef4e9c89804691966d8,
        type: 3}
      propertyPath: m_RootOrder
      value: 1
      objectReference: {fileID: 0}
    - target: {fileID: -8679921383154817045, guid: d97e823ad9a78ef4e9c89804691966d8,
        type: 3}
      propertyPath: m_LocalEulerAnglesHint.x
      value: 0
      objectReference: {fileID: 0}
    - target: {fileID: -8679921383154817045, guid: d97e823ad9a78ef4e9c89804691966d8,
        type: 3}
      propertyPath: m_LocalEulerAnglesHint.y
      value: 0
      objectReference: {fileID: 0}
    - target: {fileID: -8679921383154817045, guid: d97e823ad9a78ef4e9c89804691966d8,
        type: 3}
      propertyPath: m_LocalEulerAnglesHint.z
      value: 0
      objectReference: {fileID: 0}
    - target: {fileID: -8183481454299698827, guid: d97e823ad9a78ef4e9c89804691966d8,
        type: 3}
      propertyPath: m_Layer
      value: 8
      objectReference: {fileID: 0}
    - target: {fileID: -8006009767450596044, guid: d97e823ad9a78ef4e9c89804691966d8,
        type: 3}
      propertyPath: m_Layer
      value: 8
      objectReference: {fileID: 0}
    - target: {fileID: -7657966619581158213, guid: d97e823ad9a78ef4e9c89804691966d8,
        type: 3}
      propertyPath: m_Layer
      value: 8
      objectReference: {fileID: 0}
    - target: {fileID: -7360747449169001873, guid: d97e823ad9a78ef4e9c89804691966d8,
        type: 3}
      propertyPath: m_Layer
      value: 8
      objectReference: {fileID: 0}
    - target: {fileID: -7121769801107515815, guid: d97e823ad9a78ef4e9c89804691966d8,
        type: 3}
      propertyPath: m_Layer
      value: 8
      objectReference: {fileID: 0}
    - target: {fileID: -6621945745981909287, guid: d97e823ad9a78ef4e9c89804691966d8,
        type: 3}
      propertyPath: m_Layer
      value: 8
      objectReference: {fileID: 0}
    - target: {fileID: -6370085079684087283, guid: d97e823ad9a78ef4e9c89804691966d8,
        type: 3}
      propertyPath: m_Layer
      value: 8
      objectReference: {fileID: 0}
    - target: {fileID: -6234591296559379751, guid: d97e823ad9a78ef4e9c89804691966d8,
        type: 3}
      propertyPath: m_Layer
      value: 8
      objectReference: {fileID: 0}
    - target: {fileID: -6170625038081293824, guid: d97e823ad9a78ef4e9c89804691966d8,
        type: 3}
      propertyPath: m_Layer
      value: 8
      objectReference: {fileID: 0}
    - target: {fileID: -6056541330796499132, guid: d97e823ad9a78ef4e9c89804691966d8,
        type: 3}
      propertyPath: m_Layer
      value: 8
      objectReference: {fileID: 0}
    - target: {fileID: -5857696854640597626, guid: d97e823ad9a78ef4e9c89804691966d8,
        type: 3}
      propertyPath: m_Layer
      value: 8
      objectReference: {fileID: 0}
    - target: {fileID: -5561550452697079657, guid: d97e823ad9a78ef4e9c89804691966d8,
        type: 3}
      propertyPath: m_Layer
      value: 8
      objectReference: {fileID: 0}
    - target: {fileID: -5195048882033904264, guid: d97e823ad9a78ef4e9c89804691966d8,
        type: 3}
      propertyPath: m_Layer
      value: 8
      objectReference: {fileID: 0}
    - target: {fileID: -4999088201633142198, guid: d97e823ad9a78ef4e9c89804691966d8,
        type: 3}
      propertyPath: m_Layer
      value: 8
      objectReference: {fileID: 0}
    - target: {fileID: -4728426434207774260, guid: d97e823ad9a78ef4e9c89804691966d8,
        type: 3}
      propertyPath: m_Layer
      value: 8
      objectReference: {fileID: 0}
    - target: {fileID: -4501530691011011137, guid: d97e823ad9a78ef4e9c89804691966d8,
        type: 3}
      propertyPath: m_Layer
      value: 8
      objectReference: {fileID: 0}
    - target: {fileID: -4332706925441422008, guid: d97e823ad9a78ef4e9c89804691966d8,
        type: 3}
      propertyPath: m_Layer
      value: 8
      objectReference: {fileID: 0}
    - target: {fileID: -4278032810995721380, guid: d97e823ad9a78ef4e9c89804691966d8,
        type: 3}
      propertyPath: m_Layer
      value: 8
      objectReference: {fileID: 0}
    - target: {fileID: -3799395697873186154, guid: d97e823ad9a78ef4e9c89804691966d8,
        type: 3}
      propertyPath: m_Layer
      value: 8
      objectReference: {fileID: 0}
    - target: {fileID: -3542885339558904099, guid: d97e823ad9a78ef4e9c89804691966d8,
        type: 3}
      propertyPath: m_Layer
      value: 8
      objectReference: {fileID: 0}
    - target: {fileID: -3478013746326755454, guid: d97e823ad9a78ef4e9c89804691966d8,
        type: 3}
      propertyPath: m_Layer
      value: 8
      objectReference: {fileID: 0}
    - target: {fileID: -3214267034143217929, guid: d97e823ad9a78ef4e9c89804691966d8,
        type: 3}
      propertyPath: m_Layer
      value: 8
      objectReference: {fileID: 0}
    - target: {fileID: -3086436065929644917, guid: d97e823ad9a78ef4e9c89804691966d8,
        type: 3}
      propertyPath: m_Layer
      value: 8
      objectReference: {fileID: 0}
    - target: {fileID: -2216572521412136209, guid: d97e823ad9a78ef4e9c89804691966d8,
        type: 3}
      propertyPath: m_Layer
      value: 8
      objectReference: {fileID: 0}
    - target: {fileID: -2084811680363313996, guid: d97e823ad9a78ef4e9c89804691966d8,
        type: 3}
      propertyPath: m_Layer
      value: 8
      objectReference: {fileID: 0}
    - target: {fileID: -1781356600409242780, guid: d97e823ad9a78ef4e9c89804691966d8,
        type: 3}
      propertyPath: m_Layer
      value: 8
      objectReference: {fileID: 0}
    - target: {fileID: -1703473491307067327, guid: d97e823ad9a78ef4e9c89804691966d8,
        type: 3}
      propertyPath: m_Layer
      value: 8
      objectReference: {fileID: 0}
    - target: {fileID: -1425791611860619382, guid: d97e823ad9a78ef4e9c89804691966d8,
        type: 3}
      propertyPath: m_Layer
      value: 8
      objectReference: {fileID: 0}
    - target: {fileID: -1268151995469589007, guid: d97e823ad9a78ef4e9c89804691966d8,
        type: 3}
      propertyPath: m_Layer
      value: 8
      objectReference: {fileID: 0}
    - target: {fileID: -1200856079203341021, guid: d97e823ad9a78ef4e9c89804691966d8,
        type: 3}
      propertyPath: m_Layer
      value: 8
      objectReference: {fileID: 0}
    - target: {fileID: -1018664272722485354, guid: d97e823ad9a78ef4e9c89804691966d8,
        type: 3}
      propertyPath: m_Layer
      value: 8
      objectReference: {fileID: 0}
    - target: {fileID: -751476226918971245, guid: d97e823ad9a78ef4e9c89804691966d8,
        type: 3}
      propertyPath: m_Layer
      value: 8
      objectReference: {fileID: 0}
    - target: {fileID: -552831747908440785, guid: d97e823ad9a78ef4e9c89804691966d8,
        type: 3}
      propertyPath: m_Layer
      value: 8
      objectReference: {fileID: 0}
    - target: {fileID: -290750445479886849, guid: d97e823ad9a78ef4e9c89804691966d8,
        type: 3}
      propertyPath: m_Layer
      value: 8
      objectReference: {fileID: 0}
    - target: {fileID: -203856693384778745, guid: d97e823ad9a78ef4e9c89804691966d8,
        type: 3}
      propertyPath: m_Layer
      value: 8
      objectReference: {fileID: 0}
    - target: {fileID: -76546954072915012, guid: d97e823ad9a78ef4e9c89804691966d8,
        type: 3}
      propertyPath: m_Layer
      value: 8
      objectReference: {fileID: 0}
    - target: {fileID: 9171100556185337, guid: d97e823ad9a78ef4e9c89804691966d8, type: 3}
      propertyPath: m_Layer
      value: 8
      objectReference: {fileID: 0}
    - target: {fileID: 414117464747255840, guid: d97e823ad9a78ef4e9c89804691966d8,
        type: 3}
      propertyPath: m_Layer
      value: 8
      objectReference: {fileID: 0}
    - target: {fileID: 919132149155446097, guid: d97e823ad9a78ef4e9c89804691966d8,
        type: 3}
      propertyPath: m_Name
      value: CHICA RENOVADA
      objectReference: {fileID: 0}
    - target: {fileID: 919132149155446097, guid: d97e823ad9a78ef4e9c89804691966d8,
        type: 3}
      propertyPath: m_TagString
      value: Untagged
      objectReference: {fileID: 0}
    - target: {fileID: 919132149155446097, guid: d97e823ad9a78ef4e9c89804691966d8,
        type: 3}
      propertyPath: m_Layer
      value: 8
      objectReference: {fileID: 0}
    - target: {fileID: 919132149155446097, guid: d97e823ad9a78ef4e9c89804691966d8,
        type: 3}
      propertyPath: m_IsActive
      value: 0
      objectReference: {fileID: 0}
    - target: {fileID: 1082271958561512970, guid: d97e823ad9a78ef4e9c89804691966d8,
        type: 3}
      propertyPath: m_Layer
      value: 8
      objectReference: {fileID: 0}
    - target: {fileID: 1339101018200438765, guid: d97e823ad9a78ef4e9c89804691966d8,
        type: 3}
      propertyPath: m_Layer
      value: 8
      objectReference: {fileID: 0}
    - target: {fileID: 1711505207429034123, guid: d97e823ad9a78ef4e9c89804691966d8,
        type: 3}
      propertyPath: m_Layer
      value: 8
      objectReference: {fileID: 0}
    - target: {fileID: 2158975759703390516, guid: d97e823ad9a78ef4e9c89804691966d8,
        type: 3}
      propertyPath: m_Layer
      value: 8
      objectReference: {fileID: 0}
    - target: {fileID: 2586065998465600510, guid: d97e823ad9a78ef4e9c89804691966d8,
        type: 3}
      propertyPath: m_Layer
      value: 8
      objectReference: {fileID: 0}
    - target: {fileID: 2715566404302941441, guid: d97e823ad9a78ef4e9c89804691966d8,
        type: 3}
      propertyPath: m_Layer
      value: 8
      objectReference: {fileID: 0}
    - target: {fileID: 2898355158428612036, guid: d97e823ad9a78ef4e9c89804691966d8,
        type: 3}
      propertyPath: m_Layer
      value: 8
      objectReference: {fileID: 0}
    - target: {fileID: 3047284246813455858, guid: d97e823ad9a78ef4e9c89804691966d8,
        type: 3}
      propertyPath: m_Layer
      value: 8
      objectReference: {fileID: 0}
    - target: {fileID: 3135921509060577837, guid: d97e823ad9a78ef4e9c89804691966d8,
        type: 3}
      propertyPath: m_Layer
      value: 8
      objectReference: {fileID: 0}
    - target: {fileID: 3588849560313704984, guid: d97e823ad9a78ef4e9c89804691966d8,
        type: 3}
      propertyPath: m_Layer
      value: 8
      objectReference: {fileID: 0}
    - target: {fileID: 3614653200513675785, guid: d97e823ad9a78ef4e9c89804691966d8,
        type: 3}
      propertyPath: m_Layer
      value: 8
      objectReference: {fileID: 0}
    - target: {fileID: 3882815353823017779, guid: d97e823ad9a78ef4e9c89804691966d8,
        type: 3}
      propertyPath: m_Layer
      value: 8
      objectReference: {fileID: 0}
    - target: {fileID: 3948933247560734027, guid: d97e823ad9a78ef4e9c89804691966d8,
        type: 3}
      propertyPath: m_Layer
      value: 8
      objectReference: {fileID: 0}
    - target: {fileID: 3974016661214395164, guid: d97e823ad9a78ef4e9c89804691966d8,
        type: 3}
      propertyPath: m_Layer
      value: 8
      objectReference: {fileID: 0}
    - target: {fileID: 4114030615378554161, guid: d97e823ad9a78ef4e9c89804691966d8,
        type: 3}
      propertyPath: m_Layer
      value: 8
      objectReference: {fileID: 0}
    - target: {fileID: 4237274458221626025, guid: d97e823ad9a78ef4e9c89804691966d8,
        type: 3}
      propertyPath: m_Layer
      value: 8
      objectReference: {fileID: 0}
    - target: {fileID: 4441848305933595309, guid: d97e823ad9a78ef4e9c89804691966d8,
        type: 3}
      propertyPath: m_Layer
      value: 8
      objectReference: {fileID: 0}
    - target: {fileID: 4549111882529890269, guid: d97e823ad9a78ef4e9c89804691966d8,
        type: 3}
      propertyPath: m_Layer
      value: 8
      objectReference: {fileID: 0}
    - target: {fileID: 5120724536234783804, guid: d97e823ad9a78ef4e9c89804691966d8,
        type: 3}
      propertyPath: m_Layer
      value: 8
      objectReference: {fileID: 0}
    - target: {fileID: 5866666021909216657, guid: d97e823ad9a78ef4e9c89804691966d8,
        type: 3}
      propertyPath: m_Controller
      value: 
      objectReference: {fileID: 9100000, guid: 8abe84a7bea1fd340aa7c5fea9ac4bcb, type: 2}
    - target: {fileID: 6240733294840144465, guid: d97e823ad9a78ef4e9c89804691966d8,
        type: 3}
      propertyPath: m_Layer
      value: 8
      objectReference: {fileID: 0}
    - target: {fileID: 6324240423935976452, guid: d97e823ad9a78ef4e9c89804691966d8,
        type: 3}
      propertyPath: m_Layer
      value: 8
      objectReference: {fileID: 0}
    - target: {fileID: 6514210125699187276, guid: d97e823ad9a78ef4e9c89804691966d8,
        type: 3}
      propertyPath: m_Layer
      value: 8
      objectReference: {fileID: 0}
    - target: {fileID: 7363479242261063072, guid: d97e823ad9a78ef4e9c89804691966d8,
        type: 3}
      propertyPath: m_Layer
      value: 8
      objectReference: {fileID: 0}
    - target: {fileID: 7542137907003004905, guid: d97e823ad9a78ef4e9c89804691966d8,
        type: 3}
      propertyPath: m_Layer
      value: 8
      objectReference: {fileID: 0}
    - target: {fileID: 7732535366517880319, guid: d97e823ad9a78ef4e9c89804691966d8,
        type: 3}
      propertyPath: m_Layer
      value: 8
      objectReference: {fileID: 0}
    - target: {fileID: 7776229726456038893, guid: d97e823ad9a78ef4e9c89804691966d8,
        type: 3}
      propertyPath: m_Layer
      value: 8
      objectReference: {fileID: 0}
    - target: {fileID: 8817898888258712963, guid: d97e823ad9a78ef4e9c89804691966d8,
        type: 3}
      propertyPath: m_Layer
      value: 8
      objectReference: {fileID: 0}
    - target: {fileID: 8953972740105248388, guid: d97e823ad9a78ef4e9c89804691966d8,
        type: 3}
      propertyPath: m_Layer
      value: 8
      objectReference: {fileID: 0}
    - target: {fileID: 9037727976738196030, guid: d97e823ad9a78ef4e9c89804691966d8,
        type: 3}
      propertyPath: m_Layer
      value: 8
      objectReference: {fileID: 0}
    m_RemovedComponents: []
  m_SourcePrefab: {fileID: 100100000, guid: d97e823ad9a78ef4e9c89804691966d8, type: 3}
--- !u!4 &8564559351146463172 stripped
Transform:
  m_CorrespondingSourceObject: {fileID: -8679921383154817045, guid: d97e823ad9a78ef4e9c89804691966d8,
    type: 3}
  m_PrefabInstance: {fileID: 8165540864046192687}
  m_PrefabAsset: {fileID: 0}
--- !u!1001 &8165540864949111396
PrefabInstance:
  m_ObjectHideFlags: 0
  serializedVersion: 2
  m_Modification:
    m_TransformParent: {fileID: 8165540863777912792}
    m_Modifications:
    - target: {fileID: -9138704510649727020, guid: 168fa4dad32ab7c4eb81bef5f578ec3e,
        type: 3}
      propertyPath: m_Layer
      value: 8
      objectReference: {fileID: 0}
    - target: {fileID: -8679921383154817045, guid: 168fa4dad32ab7c4eb81bef5f578ec3e,
        type: 3}
      propertyPath: m_LocalPosition.x
      value: 0
      objectReference: {fileID: 0}
    - target: {fileID: -8679921383154817045, guid: 168fa4dad32ab7c4eb81bef5f578ec3e,
        type: 3}
      propertyPath: m_LocalPosition.y
      value: -1.414
      objectReference: {fileID: 0}
    - target: {fileID: -8679921383154817045, guid: 168fa4dad32ab7c4eb81bef5f578ec3e,
        type: 3}
      propertyPath: m_LocalPosition.z
      value: 0
      objectReference: {fileID: 0}
    - target: {fileID: -8679921383154817045, guid: 168fa4dad32ab7c4eb81bef5f578ec3e,
        type: 3}
      propertyPath: m_LocalRotation.x
      value: -0
      objectReference: {fileID: 0}
    - target: {fileID: -8679921383154817045, guid: 168fa4dad32ab7c4eb81bef5f578ec3e,
        type: 3}
      propertyPath: m_LocalRotation.y
      value: -0
      objectReference: {fileID: 0}
    - target: {fileID: -8679921383154817045, guid: 168fa4dad32ab7c4eb81bef5f578ec3e,
        type: 3}
      propertyPath: m_LocalRotation.z
      value: -0
      objectReference: {fileID: 0}
    - target: {fileID: -8679921383154817045, guid: 168fa4dad32ab7c4eb81bef5f578ec3e,
        type: 3}
      propertyPath: m_LocalRotation.w
      value: 1
      objectReference: {fileID: 0}
    - target: {fileID: -8679921383154817045, guid: 168fa4dad32ab7c4eb81bef5f578ec3e,
        type: 3}
      propertyPath: m_RootOrder
      value: 0
      objectReference: {fileID: 0}
    - target: {fileID: -8679921383154817045, guid: 168fa4dad32ab7c4eb81bef5f578ec3e,
        type: 3}
      propertyPath: m_LocalEulerAnglesHint.x
      value: 0
      objectReference: {fileID: 0}
    - target: {fileID: -8679921383154817045, guid: 168fa4dad32ab7c4eb81bef5f578ec3e,
        type: 3}
      propertyPath: m_LocalEulerAnglesHint.y
      value: 0
      objectReference: {fileID: 0}
    - target: {fileID: -8679921383154817045, guid: 168fa4dad32ab7c4eb81bef5f578ec3e,
        type: 3}
      propertyPath: m_LocalEulerAnglesHint.z
      value: 0
      objectReference: {fileID: 0}
    - target: {fileID: -8386797608459687663, guid: 168fa4dad32ab7c4eb81bef5f578ec3e,
        type: 3}
      propertyPath: m_Layer
      value: 8
      objectReference: {fileID: 0}
    - target: {fileID: -7553104187508187450, guid: 168fa4dad32ab7c4eb81bef5f578ec3e,
        type: 3}
      propertyPath: m_Layer
      value: 8
      objectReference: {fileID: 0}
    - target: {fileID: -5999994328379935890, guid: 168fa4dad32ab7c4eb81bef5f578ec3e,
        type: 3}
      propertyPath: m_Layer
      value: 8
      objectReference: {fileID: 0}
    - target: {fileID: -5775257420012134740, guid: 168fa4dad32ab7c4eb81bef5f578ec3e,
        type: 3}
      propertyPath: m_Layer
      value: 8
      objectReference: {fileID: 0}
    - target: {fileID: -5081423277114236571, guid: 168fa4dad32ab7c4eb81bef5f578ec3e,
        type: 3}
      propertyPath: m_Layer
      value: 8
      objectReference: {fileID: 0}
    - target: {fileID: -4859499639505811047, guid: 168fa4dad32ab7c4eb81bef5f578ec3e,
        type: 3}
      propertyPath: m_Layer
      value: 8
      objectReference: {fileID: 0}
    - target: {fileID: -4162760164641431649, guid: 168fa4dad32ab7c4eb81bef5f578ec3e,
        type: 3}
      propertyPath: m_Layer
      value: 8
      objectReference: {fileID: 0}
    - target: {fileID: -3729113497768385818, guid: 168fa4dad32ab7c4eb81bef5f578ec3e,
        type: 3}
      propertyPath: m_Layer
      value: 8
      objectReference: {fileID: 0}
    - target: {fileID: -3354080507755441642, guid: 168fa4dad32ab7c4eb81bef5f578ec3e,
        type: 3}
      propertyPath: m_Layer
      value: 8
      objectReference: {fileID: 0}
    - target: {fileID: -3296382948435714803, guid: 168fa4dad32ab7c4eb81bef5f578ec3e,
        type: 3}
      propertyPath: m_Layer
      value: 8
      objectReference: {fileID: 0}
    - target: {fileID: 56550666424514442, guid: 168fa4dad32ab7c4eb81bef5f578ec3e,
        type: 3}
      propertyPath: m_Enabled
      value: 1
      objectReference: {fileID: 0}
    - target: {fileID: 107265628439230508, guid: 168fa4dad32ab7c4eb81bef5f578ec3e,
        type: 3}
      propertyPath: m_Layer
      value: 8
      objectReference: {fileID: 0}
    - target: {fileID: 919132149155446097, guid: 168fa4dad32ab7c4eb81bef5f578ec3e,
        type: 3}
      propertyPath: m_Name
      value: lpMaleG
      objectReference: {fileID: 0}
    - target: {fileID: 919132149155446097, guid: 168fa4dad32ab7c4eb81bef5f578ec3e,
        type: 3}
      propertyPath: m_Layer
      value: 8
      objectReference: {fileID: 0}
    - target: {fileID: 919132149155446097, guid: 168fa4dad32ab7c4eb81bef5f578ec3e,
        type: 3}
      propertyPath: m_IsActive
      value: 0
      objectReference: {fileID: 0}
    - target: {fileID: 969392336405013599, guid: 168fa4dad32ab7c4eb81bef5f578ec3e,
        type: 3}
      propertyPath: m_Layer
      value: 8
      objectReference: {fileID: 0}
    - target: {fileID: 1633327448568709837, guid: 168fa4dad32ab7c4eb81bef5f578ec3e,
        type: 3}
      propertyPath: m_Layer
      value: 8
      objectReference: {fileID: 0}
    - target: {fileID: 2198841939720831106, guid: 168fa4dad32ab7c4eb81bef5f578ec3e,
        type: 3}
      propertyPath: m_Layer
      value: 8
      objectReference: {fileID: 0}
    - target: {fileID: 4827727913633791537, guid: 168fa4dad32ab7c4eb81bef5f578ec3e,
        type: 3}
      propertyPath: m_Layer
      value: 8
      objectReference: {fileID: 0}
    - target: {fileID: 4957846191750966313, guid: 168fa4dad32ab7c4eb81bef5f578ec3e,
        type: 3}
      propertyPath: m_Layer
      value: 8
      objectReference: {fileID: 0}
    - target: {fileID: 5279533106049734817, guid: 168fa4dad32ab7c4eb81bef5f578ec3e,
        type: 3}
      propertyPath: m_Layer
      value: 8
      objectReference: {fileID: 0}
    - target: {fileID: 5700849199016009652, guid: 168fa4dad32ab7c4eb81bef5f578ec3e,
        type: 3}
      propertyPath: m_Layer
      value: 8
      objectReference: {fileID: 0}
    - target: {fileID: 5866666021909216657, guid: 168fa4dad32ab7c4eb81bef5f578ec3e,
        type: 3}
      propertyPath: m_Controller
      value: 
      objectReference: {fileID: 9100000, guid: 4b53569cefd22544296791b074800c15, type: 2}
    - target: {fileID: 5866666021909216657, guid: 168fa4dad32ab7c4eb81bef5f578ec3e,
        type: 3}
      propertyPath: m_Enabled
      value: 1
      objectReference: {fileID: 0}
    - target: {fileID: 6239456110707921967, guid: 168fa4dad32ab7c4eb81bef5f578ec3e,
        type: 3}
      propertyPath: m_Layer
      value: 8
      objectReference: {fileID: 0}
    - target: {fileID: 6286352279219433948, guid: 168fa4dad32ab7c4eb81bef5f578ec3e,
        type: 3}
      propertyPath: m_Layer
      value: 8
      objectReference: {fileID: 0}
    - target: {fileID: 6506919048904180997, guid: 168fa4dad32ab7c4eb81bef5f578ec3e,
        type: 3}
      propertyPath: m_Layer
      value: 8
      objectReference: {fileID: 0}
    - target: {fileID: 7189728776785416667, guid: 168fa4dad32ab7c4eb81bef5f578ec3e,
        type: 3}
      propertyPath: m_Layer
      value: 8
      objectReference: {fileID: 0}
    - target: {fileID: 7752580104150500562, guid: 168fa4dad32ab7c4eb81bef5f578ec3e,
        type: 3}
      propertyPath: m_Layer
      value: 8
      objectReference: {fileID: 0}
    - target: {fileID: 8011768732622628196, guid: 168fa4dad32ab7c4eb81bef5f578ec3e,
        type: 3}
      propertyPath: m_Layer
      value: 8
      objectReference: {fileID: 0}
    - target: {fileID: 8188418319470688682, guid: 168fa4dad32ab7c4eb81bef5f578ec3e,
        type: 3}
      propertyPath: m_Layer
      value: 8
      objectReference: {fileID: 0}
    - target: {fileID: 8323633327444358266, guid: 168fa4dad32ab7c4eb81bef5f578ec3e,
        type: 3}
      propertyPath: m_Layer
      value: 8
      objectReference: {fileID: 0}
    - target: {fileID: 8468639440919690423, guid: 168fa4dad32ab7c4eb81bef5f578ec3e,
        type: 3}
      propertyPath: m_Layer
      value: 8
      objectReference: {fileID: 0}
    - target: {fileID: 8517551002067729165, guid: 168fa4dad32ab7c4eb81bef5f578ec3e,
        type: 3}
      propertyPath: m_Layer
      value: 8
      objectReference: {fileID: 0}
    - target: {fileID: 8518135149326776834, guid: 168fa4dad32ab7c4eb81bef5f578ec3e,
        type: 3}
      propertyPath: m_Layer
      value: 8
      objectReference: {fileID: 0}
    - target: {fileID: 8758243483808879120, guid: 168fa4dad32ab7c4eb81bef5f578ec3e,
        type: 3}
      propertyPath: m_Layer
      value: 8
      objectReference: {fileID: 0}
    - target: {fileID: 8807742963546701761, guid: 168fa4dad32ab7c4eb81bef5f578ec3e,
        type: 3}
      propertyPath: m_Layer
      value: 8
      objectReference: {fileID: 0}
    m_RemovedComponents: []
  m_SourcePrefab: {fileID: 100100000, guid: 168fa4dad32ab7c4eb81bef5f578ec3e, type: 3}
--- !u!4 &8564559350235344271 stripped
Transform:
  m_CorrespondingSourceObject: {fileID: -8679921383154817045, guid: 168fa4dad32ab7c4eb81bef5f578ec3e,
    type: 3}
  m_PrefabInstance: {fileID: 8165540864949111396}
  m_PrefabAsset: {fileID: 0}
